[Event "57th Biel Festival ATO 2024"]
[Site "Biel"]
[Date "2024.07.22"]
[Round "6.48"]
[White "Kuenzli, Manuel"]
[Black "Juchler, Celine"]
[Result "0-1"]
[ECO "C01"]
[WhiteElo "1542"]
[BlackElo "1664"]
[Annotator "NA RC"]
[PlyCount "74"]
[EventDate "2024.07.03"]
[EventType "swiss"]
[EventCountry "SUI"]
[SourceTitle "playchess.com"]
[Source "ChessBase"]
[SourceQuality "1"]
[TimeControl "40/5400+30:1800+30"]

1. e4 e6 2. d4 d5 3. exd5 exd5 4. Nf3 Nf6 5. Bd3 Bd6 6. Bg5 h6 7. Bh4 O-O 8. O-O Bg4 9. Nc3 c6 10. Be2 Nbd7 11. Nd2 Bxe2 12. Qxe2 Re8 13. Qf3 Qb6 14. Nb3 a5 15. a4 Qc7 16. Rad1 Bxh2+ 17. Kh1 Bd6 18. Bxf6 Nxf6 19. g3 Re7 20. Rfe1 Rae8 21. Rxe7 Rxe7 22. Rd2 Re1+ 23. Kg2 Ne4 24. Rd1 Rxd1 25. Nxd1 Qe7 26. Nxa5 Ng5 27. Qe3 Qd7 28. Kg1 Qg4 29. Nc3 Nf3+ 30. Kg2 Nh4+ 31. Kg1 Nf3+ 32. Kg2 Ng5 33. Kg1 h5 34. Kf1 h4 35. gxh4 Qxh4 36. Nxb7 Bf4 37. Qe2 Qh1# 0-1

[Event "57th Biel Festival ATO 2024"]
[Site "Biel"]
[Date "2024.07.23"]
[Round "7.1"]
[White "Nasybullina, Alfia"]
[Black "Noh, Jinwoo"]
[Result "1-0"]
[ECO "B30"]
[WhiteElo "1997"]
[BlackElo "1824"]
[Annotator "RC"]
[PlyCount "87"]
[EventDate "2024.07.03"]
[EventType "swiss"]
[EventCountry "SUI"]
[SourceTitle "playchess.com"]
[Source "ChessBase"]
[SourceQuality "1"]
[TimeControl "40/5400+30:1800+30"]

1. e4 c5 2. Nf3 Nc6 3. Bb5 e6 4. Bxc6 bxc6 5. d3 Ne7 6. Qe2 Ng6 7. h4 h5 8. e5 Be7 9. Qe4 d5 10. exd6 Qxd6 11. Na3 Qd5 12. Qe2 e5 13. Bg5 f6 14. Bd2 Bg4 15. Nc4 O-O 16. Ne3 Qe6 17. g3 Rab8 18. Bc3 Rbe8 19. Nxg4 hxg4 20. Nd2 Qd5 21. O-O-O f5 22. h5 Nh8 23. h6 Nf7 24. hxg7 Kxg7 25. Kb1 Rh8 26. Rxh8 Rxh8 27. f3 gxf3 28. Nxf3 Bf6 29. b3 e4 30. Bxf6+ Kxf6 31. Nh4 Qe5 32. Rf1 Nd6 33. Nxf5 Nb5 34. Nd4+ Ke7 35. Nxb5 cxb5 36. dxe4 c4 37. Qf2 cxb3 38. Qxa7+ Ke8 39. axb3 Rh2 40. Qf7+ Kd8 41. Qf8+ Kc7 42. Rf7+ Kb6 43. Rf6+ Ka5 44. Qa3# 1-0

[Event "57th Biel Festival ATO 2024"]
[Site "Biel"]
[Date "2024.07.23"]
[Round "7.2"]
[White "Kulikov, Mikhail L"]
[Black "Meshach, Felix"]
[Result "1-0"]
[ECO "B33"]
[WhiteElo "1954"]
[BlackElo "1773"]
[Annotator "RC"]
[PlyCount "55"]
[EventDate "2024.07.03"]
[EventType "swiss"]
[EventCountry "SUI"]
[SourceTitle "playchess.com"]
[Source "ChessBase"]
[SourceQuality "1"]
[TimeControl "40/5400+30:1800+30"]

1. e4 c5 2. Nf3 Nc6 3. d4 cxd4 4. Nxd4 Nf6 5. Nc3 e5 6. Ndb5 d6 7. Bg5 a6 8. Na3 b5 9. Nd5 Be7 10. Nxe7 Nxe7 11. Bxf6 gxf6 12. Qd2 Be6 13. O-O-O d5 14. Qh6 Ng6 15. h4 b4 16. Nc4 Qc7 17. exd5 Bd7 18. h5 O-O-O 19. hxg6 hxg6 20. Qxh8 Rxh8 21. Rxh8+ Kb7 22. Rh7 a5 23. Rxf7 a4 24. Ne3 b3 25. axb3 axb3 26. Bb5 Qa5 27. Rxd7+ Kc8 28. Nc4 1-0

[Event "57th Biel Festival ATO 2024"]
[Site "Biel"]
[Date "2024.07.23"]
[Round "7.3"]
[White "Jud, Marc"]
[Black "Andrzejewska, Anna"]
[Result "1/2-1/2"]
[ECO "E62"]
[WhiteElo "1925"]
[BlackElo "1933"]
[Annotator "RC"]
[PlyCount "57"]
[EventDate "2024.07.03"]
[EventType "swiss"]
[EventCountry "SUI"]
[SourceTitle "playchess.com"]
[Source "ChessBase"]
[SourceQuality "1"]
[TimeControl "40/5400+30:1800+30"]

1. d4 Nf6 2. Nf3 g6 3. c4 Bg7 4. Nc3 d6 5. g3 O-O 6. Bg2 Nc6 7. e3 e5 8. d5 Nb8 9. e4 a5 10. h3 Na6 11. Be3 b6 12. Nd2 Nd7 13. Nb3 Nac5 14. Nxc5 Nxc5 15. Qd2 f5 16. O-O-O a4 17. Bxc5 bxc5 18. h4 f4 19. h5 g5 20. gxf4 exf4 21. f3 Bd4 22. Kb1 Ba6 23. Nb5 Bxb5 24. cxb5 h6 25. a3 Be5 26. Bf1 Qf6 27. Rg1 Rfb8 28. Bc4 Rb6 29. Rg2 1/2-1/2

[Event "57th Biel Festival ATO 2024"]
[Site "Biel"]
[Date "2024.07.23"]
[Round "7.4"]
[White "Wiesmann, Dominique"]
[Black "Titov, Dmitrii"]
[Result "1/2-1/2"]
[ECO "D05"]
[WhiteElo "1963"]
[BlackElo "1899"]
[Annotator "RC"]
[PlyCount "28"]
[EventDate "2024.07.03"]
[EventType "swiss"]
[EventCountry "SUI"]
[SourceTitle "playchess.com"]
[Source "ChessBase"]
[SourceQuality "1"]
[TimeControl "40/5400+30:1800+30"]

1. Nf3 Nf6 2. e3 e6 3. d4 c5 4. Bd3 d5 5. b3 b6 6. O-O Ba6 7. Bxa6 Nxa6 8. Qe2 Nb8 9. Na3 Be7 10. c4 O-O 11. Rd1 Qc8 12. Bb2 Nbd7 13. Ne5 g6 14. g3 Kg7 1/2-1/2

[Event "57th Biel Festival ATO 2024"]
[Site "Biel"]
[Date "2024.07.23"]
[Round "7.5"]
[White "King, Alexander"]
[Black "Wenger, Arejou"]
[Result "1-0"]
[ECO "D00"]
[WhiteElo "1935"]
[BlackElo "1875"]
[Annotator "RC"]
[PlyCount "47"]
[EventDate "2024.07.03"]
[EventType "swiss"]
[EventCountry "SUI"]
[SourceTitle "playchess.com"]
[Source "ChessBase"]
[SourceQuality "1"]
[TimeControl "40/5400+30:1800+30"]

1. d4 Nf6 2. Bf4 d5 3. e3 e6 4. Nd2 Bd6 5. Bg3 O-O 6. Bd3 c5 7. c3 Qc7 8. Rc1 e5 9. dxe5 Bxe5 10. Ngf3 Bxg3 11. hxg3 Re8 12. Qc2 g6 13. Qa4 Bg4 14. Nh2 Rxe3+ 15. fxe3 Qxg3+ 16. Kf1 Qxe3 17. Nxg4 Qxd3+ 18. Ke1 Qg3+ 19. Nf2 Nbd7 20. Kf1 Qe3 21. Qc2 Re8 22. Nf3 Nh5 23. Rxh5 Qf4 24. Rxd5 1-0

[Event "57th Biel Festival ATO 2024"]
[Site "Biel"]
[Date "2024.07.23"]
[Round "7.6"]
[White "Oestmann, Lukas"]
[Black "Yu, Tianxiang Carlos"]
[Result "1/2-1/2"]
[ECO "B72"]
[WhiteElo "1926"]
[BlackElo "1769"]
[Annotator "RC"]
[PlyCount "120"]
[EventDate "2024.07.03"]
[EventType "swiss"]
[EventCountry "SUI"]
[SourceTitle "playchess.com"]
[Source "ChessBase"]
[SourceQuality "1"]
[TimeControl "40/5400+30:1800+30"]

1. Nf3 c5 2. e4 d6 3. d4 cxd4 4. Nxd4 Nf6 5. Nc3 g6 6. Be3 Nc6 7. f3 h5 8. Bc4 Bd7 9. O-O Rc8 10. Nxc6 bxc6 11. a4 a5 12. Qe1 Bg7 13. Rd1 O-O 14. Qg3 Kh7 15. e5 Nd5 16. Bxd5 Bxe5 17. Qg5 cxd5 18. Nxd5 Bg7 19. Bb6 Qe8 20. Rfe1 f6 21. Qg3 e5 22. Bxa5 Rxc2 23. Bc3 Bxa4 24. Ne3 Rxc3 25. bxc3 Bxd1 26. Rxd1 Qc6 27. Nd5 Qc5+ 28. Kh1 Re8 29. h4 e4 30. Nf4 Qf5 31. Rxd6 e3 32. Rd1 Bh6 33. Ne2 Bg7 34. Qc7 Qe5 35. Qxe5 Rxe5 36. f4 Rc5 37. Rd3 g5 38. g3 gxf4 39. gxf4 Kg6 40. Kg2 Kf5 41. Kf3 Bh6 42. Nd4+ Kg6 43. Kxe3 Re5+ 44. Kf3 Re1 45. f5+ Kf7 46. Kg2 Rc1 47. Ne2 Rc2 48. Kf3 Bd2 49. c4 Be1 50. Rd4 Kg8 51. Ke3 Kf7 52. Re4 Ra2 53. Kd4 Bf2+ 54. Kd5 Ra5+ 55. Kc6 Rxf5 56. Rf4 Rxf4 57. Nxf4 Bxh4 58. Nxh5 Bf2 59. Nf4 Bg1 60. Kd5 Ke7 1/2-1/2

[Event "57th Biel Festival ATO 2024"]
[Site "Biel"]
[Date "2024.07.23"]
[Round "7.7"]
[White "Jordan, Christina"]
[Black "Kuenzli, Simon"]
[Result "0-1"]
[ECO "B80"]
[WhiteElo "1749"]
[BlackElo "1919"]
[Annotator "RC"]
[PlyCount "68"]
[EventDate "2024.07.03"]
[EventType "swiss"]
[EventCountry "SUI"]
[SourceTitle "playchess.com"]
[Source "ChessBase"]
[SourceQuality "1"]
[TimeControl "40/5400+30:1800+30"]

1. e4 c5 2. Nf3 d6 3. d4 cxd4 4. Nxd4 Nf6 5. Nc3 a6 6. Be3 e6 7. f3 Qc7 8. Qd2 Nbd7 9. O-O-O b5 10. Kb1 b4 11. Nce2 d5 12. exd5 Nxd5 13. Bf2 Be7 14. g4 Bb7 15. Bg2 O-O 16. h4 N7b6 17. g5 Nc4 18. Qc1 Bc5 19. Rd3 Qb6 20. Bg1 Rac8 21. h5 Ne5 22. Rb3 a5 23. f4 a4 24. Rg3 Nc6 25. Nxc6 Bxc6 26. Bxc5 Qxc5 27. g6 Qf2 28. gxh7+ Kxh7 29. Qd1 Nxf4 30. Bxc6 Rxc6 31. Nd4 Rd6 32. Qg4 Qxd4 33. h6 g6 34. Qg5 Qd1+ 0-1

[Event "57th Biel Festival ATO 2024"]
[Site "Biel"]
[Date "2024.07.23"]
[Round "7.8"]
[White "Kim, Yejun"]
[Black "Ribera Caro, Joan"]
[Result "0-1"]
[ECO "B23"]
[WhiteElo "1642"]
[BlackElo "1920"]
[Annotator "ChessBase"]
[PlyCount "69"]
[EventDate "2024.07.03"]
[EventType "swiss"]
[EventCountry "SUI"]
[SourceTitle "playchess.com"]
[Source "ChessBase"]
[SourceQuality "1"]
[TimeControl "40/5400+30:1800+30"]

1. e4 c5 2. Nc3 g6 3. f4 Nc6 4. Nf3 Bg7 5. Bb5 Nd4 6. O-O Nxb5 7. Nxb5 d5 8. exd5 a6 9. Nc3 Nf6 10. Na4 c4 11. Qe2 b5 12. Nc3 Nxd5 13. Re1 e6 14. a4 Bb7 15. Nxd5 Qxd5 16. axb5 axb5 17. d3 cxd3 18. cxd3 Qb3 19. Be3 Bxf3 20. Qxf3 O-O 21. Qe2 Rfd8 22. Bb6 Rxd3 23. Rec1 Bxb2 24. Rc8+ Kg7 25. Rc2 Bf6 26. g4 Qb1+ 27. Kg2 Qd1 28. Qxd1 Rxd1 29. Rc5 Rd5 30. g5 Bxa1 31. Rc1 Kg8 32. Kf3 Kf8 33. Ke4 Ke7 34. h3 Kd6 35. h4 0-1

[Event "57th Biel Festival ATO 2024"]
[Site "Biel"]
[Date "2024.07.23"]
[Round "7.9"]
[White "Schneuwly, Achim"]
[Black "Gafner, Lancelot"]
[Result "1/2-1/2"]
[ECO "A21"]
[WhiteElo "1933"]
[BlackElo "1864"]
[Annotator "RC"]
[PlyCount "80"]
[EventDate "2024.07.03"]
[EventType "swiss"]
[EventCountry "SUI"]
[SourceTitle "playchess.com"]
[Source "ChessBase"]
[SourceQuality "1"]
[TimeControl "40/5400+30:1800+30"]

1. c4 e5 2. Nc3 Nf6 3. e3 Bb4 4. Qc2 Nc6 5. Nd5 Bc5 6. a3 a5 7. Ne2 O-O 8. Nec3 Nxd5 9. Nxd5 d6 10. Be2 Be6 11. O-O Ne7 12. Nxe7+ Qxe7 13. Rd1 d5 14. d4 exd4 15. exd4 Ba7 16. Bf4 c6 17. c5 Bb8 18. Bxb8 Rfxb8 19. b4 axb4 20. axb4 Rxa1 21. Rxa1 b5 22. Bd3 g6 23. Qe2 Qb7 24. Ra5 Re8 25. Kf1 Qe7 26. Qe5 f6 27. Qg3 Bg4 28. Ra1 Be2+ 29. Kg1 Bxd3 30. Qxd3 Qe1+ 31. Rxe1 Rxe1+ 32. Qf1 Rxf1+ 33. Kxf1 Kf7 34. Ke2 g5 35. Kf3 Kg6 36. Ke3 Kf5 37. h3 Kg6 38. f4 Kf5 39. g4+ Kg6 40. Kf3 h6 1/2-1/2

[Event "57th Biel Festival ATO 2024"]
[Site "Biel"]
[Date "2024.07.23"]
[Round "7.10"]
[White "Aegerter, Fabrice"]
[Black "Kuenzi, Anton"]
[Result "1-0"]
[ECO "A45"]
[WhiteElo "1917"]
[BlackElo "1862"]
[Annotator "ChessBase"]
[PlyCount "61"]
[EventDate "2024.07.03"]
[EventType "swiss"]
[EventCountry "SUI"]
[SourceTitle "playchess.com"]
[Source "ChessBase"]
[SourceQuality "1"]
[TimeControl "40/5400+30:1800+30"]

1. d4 Nf6 2. Bf4 g6 3. Nc3 d5 4. e3 Bg7 5. h4 h5 6. Nf3 O-O 7. Be2 c5 8. Nb5 Na6 9. c3 Bd7 10. a4 c4 11. Ne5 Bxb5 12. axb5 Nc7 13. g4 Nxg4 14. Nxg4 hxg4 15. Bxg4 Nxb5 16. h5 Qb6 17. Qf3 Rfd8 18. Qh3 f5 19. hxg6 fxg4 20. Qh7+ Kf8 21. Be5 Ke8 22. Qxg7 Kd7 23. Qf7 Qe6 24. Qxe6+ Kxe6 25. Ke2 Rg8 26. g7 Nd6 27. Rh6+ Kf7 28. Bxd6 Kxg7 29. Bf4 Raf8 30. Rh4 a6 31. Bh6+ 1-0

[Event "57th Biel Festival ATO 2024"]
[Site "Biel"]
[Date "2024.07.23"]
[Round "7.11"]
[White "Voet, Dirk"]
[Black "Haas, Anthony"]
[Result "0-1"]
[ECO "C00"]
[WhiteElo "1869"]
[BlackElo "1824"]
[Annotator "NA RC"]
[PlyCount "62"]
[EventDate "2024.07.03"]
[EventType "swiss"]
[EventCountry "SUI"]
[SourceTitle "playchess.com"]
[Source "ChessBase"]
[SourceQuality "1"]
[TimeControl "40/5400+30:1800+30"]

1. e4 e6 2. b3 d5 3. Bb2 Nf6 4. e5 Nfd7 5. f4 c5 6. Nc3 Nc6 7. Bb5 Qc7 8. Nf3 a6 9. Bxc6 Qxc6 10. Qe2 b5 11. O-O-O Nb6 12. Rde1 b4 13. Nd1 a5 14. g4 a4 15. Ne3 axb3 16. axb3 Ra2 17. c4 dxc4 18. Nxc4 Nxc4 19. bxc4 Qa4 20. d3 Be7 21. h4 O-O 22. Qe4 Rd8 23. Rh2 Qb3 24. Rd1 Rd7 25. Ng5 g6 26. Qc6 Rda7 27. Qxc8+ Bf8 28. Rc2 Rxb2 29. Rxb2 Ra1+ 30. Kd2 Rxd1+ 31. Ke2 Qxd3+ 0-1

[Event "57th Biel Festival ATO 2024"]
[Site "Biel"]
[Date "2024.07.23"]
[Round "7.12"]
[White "Jordan, Theodor"]
[Black "Akhmediyar, Yernur"]
[Result "1/2-1/2"]
[ECO "B38"]
[WhiteElo "1894"]
[BlackElo "1751"]
[Annotator "NA"]
[PlyCount "90"]
[EventDate "2024.07.03"]
[EventType "swiss"]
[EventCountry "SUI"]
[SourceTitle "playchess.com"]
[Source "ChessBase"]
[SourceQuality "1"]
[TimeControl "40/5400+30:1800+30"]

1. e4 c5 2. Nf3 Nc6 3. d4 cxd4 4. Nxd4 g6 5. c4 Bg7 6. Be3 Qb6 7. Nb5 Qa5+ 8. Bd2 Qd8 9. Bc3 Nf6 10. Be2 a6 11. N5a3 O-O 12. Nd2 d6 13. O-O Nd7 14. Bxg7 Kxg7 15. Kh1 Nc5 16. Nc2 f6 17. b4 Ne6 18. a3 Bd7 19. Nb3 a5 20. b5 a4 21. Nbd4 Ncxd4 22. Nxd4 Qb6 23. Nxe6+ Bxe6 24. f4 Rfc8 25. Rc1 Qe3 26. Qd3 Qxd3 27. Bxd3 Rc5 28. Rf2 Rac8 29. Rfc2 g5 30. f5 Bf7 31. g4 h5 32. h3 e6 33. Kg2 exf5 34. gxf5 Kf8 35. Kf3 Ke7 36. Kg3 Kd7 37. Kf3 Ke7 38. Kg3 Kd7 39. Kf3 Kd8 40. Kg3 Ke8 41. Kf3 Kd8 42. Kg3 h4+ 43. Kf3 Ke7 44. Ke3 Rg8 45. Be2 Rgc8 1/2-1/2

[Event "57th Biel Festival ATO 2024"]
[Site "Biel"]
[Date "2024.07.23"]
[Round "7.13"]
[White "Nergard, Ole-Kristian"]
[Black "Szelag, Zuzanna"]
[Result "0-1"]
[ECO "E62"]
[WhiteElo "1830"]
[BlackElo "1897"]
[Annotator "NA"]
[PlyCount "88"]
[EventDate "2024.07.03"]
[EventType "swiss"]
[EventCountry "SUI"]
[SourceTitle "playchess.com"]
[Source "ChessBase"]
[SourceQuality "1"]
[TimeControl "40/5400+30:1800+30"]

1. c4 Nf6 2. Nf3 g6 3. g3 Bg7 4. Bg2 O-O 5. O-O d6 6. d4 Nc6 7. Nc3 e5 8. dxe5 dxe5 9. Qxd8 Rxd8 10. Bg5 Be6 11. Nd2 h6 12. Bxf6 Rxd2 13. Bxg7 Kxg7 14. b3 Rad8 15. Rfd1 Bf5 16. Rxd2 Rxd2 17. e3 Nd8 18. Ne4 Bxe4 19. Bxe4 c6 20. Kf1 f5 21. Ke1 Rd7 22. Bg2 e4 23. f3 exf3 24. Bxf3 Nf7 25. Rd1 Rxd1+ 26. Bxd1 Kf6 27. Kd2 Nd6 28. Kd3 Ke5 29. Bf3 c5 30. a3 a5 31. Bd5 g5 32. Bf3 b6 33. g4 fxg4 34. Bxg4 Ne4 35. Bf3 Nf6 36. h3 h5 37. Bg2 g4 38. hxg4 Nxg4 39. Kc3 Nxe3 40. Bh1 h4 41. b4 axb4+ 42. axb4 h3 43. b5 h2 44. Kd3 Nf1 0-1

[Event "57th Biel Festival ATO 2024"]
[Site "Biel"]
[Date "2024.07.23"]
[Round "7.14"]
[White "Schmid, Nicola"]
[Black "Paholok, Igor"]
[Result "1-0"]
[ECO "B06"]
[WhiteElo "1888"]
[BlackElo "1801"]
[Annotator "NA RC"]
[PlyCount "73"]
[EventDate "2024.07.03"]
[EventType "swiss"]
[EventCountry "SUI"]
[SourceTitle "playchess.com"]
[Source "ChessBase"]
[SourceQuality "1"]
[TimeControl "40/5400+30:1800+30"]

1. d4 g6 2. e4 Bg7 3. Nf3 d6 4. h3 Nd7 5. Bc4 e6 6. O-O Ne7 7. Nc3 O-O 8. Bg5 h6 9. Bh4 a6 10. a4 c6 11. Re1 Nf6 12. e5 Nfd5 13. Ne4 dxe5 14. dxe5 Qc7 15. Nf6+ Bxf6 16. exf6 Nf5 17. Re4 Nxh4 18. Rxh4 Nxf6 19. Qd2 h5 20. Qh6 Nh7 21. g4 f6 22. Qxg6+ Qg7 23. Qxh5 b5 24. Bd3 Ng5 25. Nxg5 fxg5 26. Bh7+ Kh8 27. Bg6+ Kg8 28. Qxg5 Rf6 29. Bh7+ Kf8 30. Qc5+ Qe7 31. Qxe7+ Kxe7 32. Be4 Bb7 33. Rh7+ Rf7 34. Rxf7+ Kxf7 35. axb5 axb5 36. Rxa8 Bxa8 37. f4 1-0

[Event "57th Biel Festival ATO 2024"]
[Site "Biel"]
[Date "2024.07.23"]
[Round "7.15"]
[White "Pantillon, Patrick Andre"]
[Black "Dreke, Frank"]
[Result "1-0"]
[ECO "C11"]
[WhiteElo "1782"]
[BlackElo "1915"]
[Annotator "RC"]
[PlyCount "48"]
[EventDate "2024.07.03"]
[EventType "swiss"]
[EventCountry "SUI"]
[SourceTitle "playchess.com"]
[Source "ChessBase"]
[SourceQuality "1"]
[TimeControl "40/5400+30:1800+30"]

1. Nc3 d5 2. e4 Nf6 3. e5 Nfd7 4. f4 e6 5. Nf3 Be7 6. d4 c5 7. Be3 O-O 8. Bd3 c4 9. Bxh7+ Kxh7 10. Ng5+ Bxg5 11. fxg5 Nc6 12. Qh5+ Kg8 13. O-O Ne7 14. Rf3 g6 15. Qh6 Nf5 16. Rxf5 gxf5 17. Rf1 Re8 18. Rxf5 exf5 19. Nxd5 Re6 20. Nf6+ Nxf6 21. gxf6 Qf8 22. Qg5+ Kh7 23. Qh5+ Kg8 24. Bh6 Rxe5 1-0

[Event "57th Biel Festival ATO 2024"]
[Site "Biel"]
[Date "2024.07.23"]
[Round "7.17"]
[White "Coletta, Julien"]
[Black "Kalbermatter, Philipp"]
[Result "0-1"]
[ECO "C01"]
[WhiteElo "1778"]
[BlackElo "1912"]
[Annotator "ChessBase"]
[PlyCount "56"]
[EventDate "2024.07.03"]
[EventType "swiss"]
[EventCountry "SUI"]
[SourceTitle "playchess.com"]
[Source "ChessBase"]
[SourceQuality "1"]
[TimeControl "40/5400+30:1800+30"]

1. e4 e6 2. d4 d5 3. exd5 exd5 4. c4 Nf6 5. Nc3 Be7 6. Nf3 O-O 7. cxd5 Nxd5 8. Bc4 Nb6 9. Bd3 N8d7 10. O-O Nf6 11. Bc2 Bg4 12. Re1 Re8 13. h3 Bh5 14. Bg5 c6 15. g4 Bg6 16. Bb3 Nfd5 17. Bxe7 Rxe7 18. Rxe7 Nxe7 19. Ne5 Nbd5 20. Qd2 Qd6 21. f4 f6 22. Nxg6 hxg6 23. Kf2 Kf8 24. Kf3 g5 25. Nxd5 Nxd5 26. fxg5 Re8 27. gxf6 Qxf6+ 28. Kg2 Re2+ 0-1

[Event "57th Biel Festival ATO 2024"]
[Site "Biel"]
[Date "2024.07.23"]
[Round "7.18"]
[White "Rossi, Jonas"]
[Black "Leuenberger, Urs"]
[Result "0-1"]
[ECO "C14"]
[WhiteElo "1796"]
[BlackElo "1903"]
[Annotator "ChessBase"]
[PlyCount "94"]
[EventDate "2024.07.03"]
[EventType "swiss"]
[EventCountry "SUI"]
[SourceTitle "playchess.com"]
[Source "ChessBase"]
[SourceQuality "1"]
[TimeControl "40/5400+30:1800+30"]

1. d4 Nf6 2. Bg5 e6 3. e4 Be7 4. e5 Nd5 5. Bxe7 Nxe7 6. Nc3 d5 7. Qd2 Bd7 8. O-O-O b6 9. h4 c5 10. Nf3 a6 11. Ne2 Nbc6 12. c3 Qc7 13. Kb1 Na5 14. Ng3 h6 15. Bd3 Bb5 16. Nh5 Bxd3+ 17. Qxd3 Kf8 18. g4 Nc4 19. Nd2 b5 20. f4 g6 21. Ng3 Nxd2+ 22. Qxd2 Ke8 23. h5 Kd7 24. Qf2 c4 25. f5 gxf5 26. gxf5 Raf8 27. Rdg1 Qd8 28. f6 Nc6 29. Ne2 Rfg8 30. Qf4 Qf8 31. Qe3 b4 32. Nf4 bxc3 33. Qxc3 Rxg1+ 34. Rxg1 Rg8 35. Qe3 c3 36. bxc3 Na5 37. Rxg8 Qxg8 38. Qf2 Nc4 39. Kc2 Qb8 40. Nd3 Qg8 41. Nc5+ Kc8 42. Qe2 Qg5 43. Nxa6 Qf5+ 44. Kb3 Qb1+ 45. Ka4 Qc1 46. Kb5 Qa3 47. Nc5 Qa5+ 0-1

[Event "57th Biel Festival ATO 2024"]
[Site "Biel"]
[Date "2024.07.23"]
[Round "7.19"]
[White "Keymer, Cecilia"]
[Black "Panda, Gyorgy"]
[Result "1/2-1/2"]
[ECO "D55"]
[WhiteElo "1865"]
[BlackElo "1713"]
[Annotator "NA"]
[PlyCount "87"]
[EventDate "2024.07.03"]
[EventType "swiss"]
[EventCountry "SUI"]
[SourceTitle "playchess.com"]
[Source "ChessBase"]
[SourceQuality "1"]
[TimeControl "40/5400+30:1800+30"]

1. d4 d5 2. c4 e6 3. Nf3 Nf6 4. Nc3 Be7 5. cxd5 exd5 6. Bg5 O-O 7. e3 b6 8. Bd3 Bb7 9. O-O Nbd7 10. Rc1 Rc8 11. Nb5 c5 12. Bf4 Ne4 13. Nd2 a6 14. Nc3 Ndf6 15. Ndxe4 Nxe4 16. f3 Nf6 17. a4 Qd7 18. Qc2 g6 19. Rfd1 cxd4 20. exd4 Rfe8 21. Qb3 Qd8 22. Re1 Nh5 23. Be3 Qd6 24. Bf1 Bd8 25. Ne2 Rxc1 26. Rxc1 h6 27. g3 Qe6 28. Bd2 Kh7 29. Qd3 Ng7 30. Nf4 Qd7 31. b3 Kg8 32. Bh3 Qd6 33. Be3 Bg5 34. Qd2 Kh7 35. Ng2 Bxe3+ 36. Nxe3 h5 37. Qd3 Qe7 38. Re1 Qf6 39. Kf2 Re7 40. Rc1 Ne6 41. Bxe6 Qxe6 42. Ng2 Qf6 43. Nf4 Kh6 44. Qd2 1/2-1/2

[Event "57th Biel Festival ATO 2024"]
[Site "Biel"]
[Date "2024.07.23"]
[Round "7.20"]
[White "Lang, Jochen"]
[Black "Bracher, Juerg"]
[Result "1/2-1/2"]
[ECO "D02"]
[WhiteElo "1755"]
[BlackElo "1864"]
[Annotator "NA"]
[PlyCount "75"]
[EventDate "2024.07.03"]
[EventType "swiss"]
[EventCountry "SUI"]
[SourceTitle "playchess.com"]
[Source "ChessBase"]
[SourceQuality "1"]
[TimeControl "40/5400+30:1800+30"]

1. d4 d5 2. Bf4 c6 3. Nf3 Nf6 4. e3 Bg4 5. h3 Bf5 6. Bd3 Bxd3 7. Qxd3 e6 8. Nbd2 Bd6 9. Ne5 Qe7 10. g4 Nbd7 11. Qb3 Rb8 12. Qd3 Nf8 13. Rg1 Ng6 14. Bg3 Nd7 15. f4 c5 16. c3 c4 17. Qc2 b5 18. Nc6 Qf8 19. Nxb8 Nxb8 20. a3 Nc6 21. O-O-O Kd7 22. f5 Nge7 23. fxe6+ fxe6 24. Bxd6 Kxd6 25. Rdf1 Qe8 26. e4 a5 27. exd5 exd5 28. Nf3 Ng6 29. Qh2+ Kd7 30. Re1 Qd8 31. Ne5+ Ngxe5 32. dxe5 Re8 33. Qf4 Re6 34. Rgf1 b4 35. Qf7+ Qe7 36. Qxe7+ Kxe7 37. axb4 axb4 38. Kc2 1/2-1/2

[Event "57th Biel Festival ATO 2024"]
[Site "Biel"]
[Date "2024.07.23"]
[Round "7.21"]
[White "Jaggy, Enzo"]
[Black "Shin, Seungmin"]
[Result "1-0"]
[ECO "A46"]
[WhiteElo "1835"]
[BlackElo "1493"]
[Annotator "NA RC"]
[PlyCount "107"]
[EventDate "2024.07.03"]
[EventType "swiss"]
[EventCountry "SUI"]
[SourceTitle "playchess.com"]
[Source "ChessBase"]
[SourceQuality "1"]
[TimeControl "40/5400+30:1800+30"]

1. d4 Nf6 2. Nf3 e6 3. e3 c5 4. c3 d5 5. Be2 Nbd7 $11 6. O-O Bd6 7. dxc5 Nxc5 8. b4 Nce4 9. Bb2 Bc7 10. Nbd2 O-O 11. c4 Nxd2 12. Qxd2 dxc4 13. Qxd8 Rxd8 14. Bxc4 b6 15. Rac1 Bd6 16. a3 Bb7 17. Ne5 Rac8 18. Rfd1 h6 19. b5 Bxe5 20. Rxd8+ Rxd8 21. Bxe5 Rc8 22. Bb2 Bd5 23. Bd3 Rxc1+ 24. Bxc1 Ne4 25. f3 Nc5 26. Be2 Nb3 27. Bb2 f6 28. e4 Bb7 29. Bc4 Na5 30. Bxe6+ Kf8 31. Kf2 Ke7 32. Ba2 Kd6 33. a4 h5 34. Ke3 a6 35. Ba3+ Kd7 36. g4 hxg4 37. fxg4 axb5 38. axb5 Ke8 39. Be6 Bc8 40. Bxc8 Nc4+ 41. Kf4 Nxa3 42. Bb7 Ke7 43. Bc6 Nc2 44. e5 Nd4 45. exf6+ Kxf6 46. g5+ Ke6 47. h4 Nxc6 48. bxc6 b5 49. c7 Kd7 50. h5 b4 51. h6 gxh6 52. gxh6 b3 53. h7 b2 54. c8=Q+ 1-0

[Event "57th Biel Festival ATO 2024"]
[Site "Biel"]
[Date "2024.07.23"]
[Round "7.22"]
[White "Svendsen, Hannelore"]
[Black "Ernst, Heinz"]
[Result "1/2-1/2"]
[ECO "E01"]
[WhiteElo "1753"]
[BlackElo "1830"]
[Annotator "NA RC"]
[PlyCount "42"]
[EventDate "2024.07.03"]
[EventType "swiss"]
[EventCountry "SUI"]
[SourceTitle "playchess.com"]
[Source "ChessBase"]
[SourceQuality "1"]
[TimeControl "40/5400+30:1800+30"]

1. d4 d5 2. c4 e6 3. Nf3 Nf6 4. g3 c5 5. cxd5 exd5 6. Bg2 Nc6 7. dxc5 Bxc5 8. a3 O-O 9. O-O h6 10. b4 Bd6 11. Bb2 Be6 12. Nbd2 Qe7 13. Rc1 Rad8 14. Nb3 a6 15. Nbd4 Nxd4 16. Bxd4 Rfe8 17. e3 Bg4 18. Qb3 Be6 19. Nd2 Ne4 20. Qb2 Nxd2 21. Qxd2 Rc8 1/2-1/2

[Event "57th Biel Festival ATO 2024"]
[Site "Biel"]
[Date "2024.07.23"]
[Round "7.23"]
[White "Harte, Bernd"]
[Black "Mohr, Jan"]
[Result "0-1"]
[ECO "A00"]
[WhiteElo "1592"]
[BlackElo "1824"]
[Annotator "NA RC"]
[PlyCount "66"]
[EventDate "2024.07.03"]
[EventType "swiss"]
[EventCountry "SUI"]
[SourceTitle "playchess.com"]
[Source "ChessBase"]
[SourceQuality "1"]
[TimeControl "40/5400+30:1800+30"]

1. g4 d5 2. Bg2 Bxg4 3. c4 c6 4. Qb3 Nf6 5. Qxb7 Nbd7 6. cxd5 cxd5 7. Nc3 e6 8. d4 Rb8 9. Qxa7 Bb4 10. Bd2 Ra8 11. Qb7 Qa5 12. Qc6 O-O 13. Qb5 Bxc3 14. Qxa5 Bxa5 15. Bxa5 Rxa5 16. b4 Ra4 17. f3 Bf5 18. b5 Rb8 19. e4 dxe4 20. Bf1 Nd5 21. a3 exf3 22. Nxf3 Be4 23. Kf2 Rba8 24. Be2 Rxa3 25. Rxa3 Rxa3 26. Rc1 Rc3 27. Rxc3 Nxc3 28. Ne5 Nxe5 29. dxe5 Nd5 30. h4 Kf8 31. Bd1 Nc3 32. Ke3 Nxd1+ 33. Kxe4 Nc3+ 0-1